 Dungeon Crawl Stone Soup version 0.31-a0-1278-g11c5b68f87 (webtiles) character file.

Game seed: 10753251501250919584

28546 Destinykillz the Grappler (level 13, -16/136 (145) HPs)
             Began as a Troll Fighter on Dec 17, 2023.
             Was the Champion of Okawaru.
             Killed from afar by an orc sorcerer (38 damage)
             ... with a bolt of negative energy
             ... on level 2 of the Orcish Mines on Dec 18, 2023.
             The game lasted 01:03:19 (12867 turns).

Destinykillz the Grappler (Troll Fighter)          Turns: 12867, Time: 01:03:19

HP:   -16/136 (145) AC:  9    Str: 37    XL:     13   Next: 10%
MP:   18/18         EV: 10    Int:  2    God:    Okawaru [******]
Gold: 1586          SH: 15    Dex:  9    Spells: 14/21 levels left

rFire   . .          .
                       - Unarmed
rCold   + . .        r - +5 kite shield
rNeg    . . .        g - +2 robe {Will+}
rPois   .            M - +0 hat
rElec   .            K - +0 cloak
rCorr   .            (gloves unavailable)
SInv    .            (boots unavailable)
Will    ++...        u - amulet of the acrobat
Stlth   +            L - ring of protection from cold
HPRegen 1.22/turn    D - +6 ring of strength
MPRegen 0.16/turn

%: acrobat
@: drained
A: large, unfitting armour, claws 3, regeneration 1, shaggy fur 1, tough skin 1,
iridescent scales 1, dopey 1, strong-willed 1, robust 1
a: Renounce Religion, Heroism, Finesse, Duel


You were on level 2 of the Orcish Mines.
You worshipped Okawaru.
Okawaru was exalted by your worship.
You visited 3 branches of the dungeon, and saw 14 of its levels.
You also visited: Ossuary.

You collected 1902 gold pieces.
You spent 316 gold pieces at shops.

Inventory:

Hand Weapons
 a - a +0 giant spiked club of freezing
 j - the +8 mithril axe "Arga" {speed, Will+}
   (Okawaru gifted it to you on level 2 of the Orcish Mines)

   Will+:     It increases your willpower.
 t - a +3 trident of flaming
 G - a +3 trident of draining
Missiles
 d - 2 silver javelins
 H - 22 large rocks (quivered)
 N - a throwing net
Armour
 g - a +2 robe of willpower (worn)
 k - a scarf of invisibility
 r - a +5 kite shield (worn)
 K - a +0 cloak (worn)
 M - a +0 hat (worn)
Magical Staves
 n - a staff of cold
Jewellery
 l - a ring of resist corrosion
 s - a ring of flight
 u - an amulet of the acrobat (around neck)
 D - a +6 ring of strength (right claw)
 L - a ring of protection from cold (left claw)
Wands
 m - a wand of polymorph (10)
 w - a wand of flame (22)
 z - a wand of paralysis (14)
 F - a wand of iceblast (27)
Scrolls
 b - a scroll of revelation
 f - 5 scrolls of poison
 h - 2 scrolls of immolation
 q - 4 scrolls of amnesia
 v - a scroll of vulnerability
 x - 12 scrolls of identify
 y - a scroll of teleportation
 A - a scroll of fog
 E - a scroll of enchant weapon
Potions
 c - 2 potions of might
 e - a potion of invisibility
 i - 4 potions of curing
 o - a potion of ambrosia
 p - a potion of brilliance
 B - a potion of haste
 C - a potion of cancellation


   Skills:
 + Level 9.7 Fighting
 - Level 6.0 Dodging
 - Level 10.0 Shields
 + Level 11.2 Unarmed Combat
 * Level 4.5 Spellcasting
 * Level 5.0 Air Magic
 + Level 3.2 Invocations


You had 14 spell levels left.
You knew the following spells:

 Your Spells              Type           Power      Damage    Failure   Level
a - Airstrike             Air            1%         2d(1-17)  61%         4
b - Swiftness             Air            2%         N/A       24%         3

Your spell library contained the following spells:

 Spells                   Type           Power      Damage    Failure   Level
 Shock                    Conj/Air       4%         1d3       22%         1
 Magic Dart               Conj           0%         1d3       52%         1
 Sandblast                Erth           0%         2d4       52%         1
 Passwall                 Tmut/Erth      0%         N/A       67%         2
 Searing Ray              Conj           0%         2d4       67%         2
 Sublimation of Blood     Necr           0%         N/A       67%         2
 Ozocubu's Armour         Ice            0%         N/A       88%         3
 Stone Arrow              Conj/Erth      0%         3d7       88%         3
 Volatile Blastmotes      Fire/Tloc      0%         2d10      88%         3
 Brom's Barrelling Bould  Conj/Erth      0%         2d3       99%         4
 Fulminant Prism          Conj/Hex       0%         3d5       99%         4
 Iskenderun's Mystic Bla  Conj/Tloc      0%         2d3       99%         4
 Petrify                  Tmut/Erth      0%         N/A       99%         4
 Borgnjor's Vile Clutch   Necr/Erth      0%         N/A       100%        5
 Irradiate                Conj/Tmut      0%         3d11      100%        5
 Lee's Rapid Deconstruct  Erth           0%         3d4*      100%        5
 Ozocubu's Refrigeration  Ice            0%         4d7       100%        7
 Borgnjor's Revivificati  Necr           0%         N/A       100%        8
 Death's Door             Necr           0%         N/A       100%        9
 Summon Lightning Spire   Summ/Air       Unusable   N/A       N/A         4
 Animate Armour           Summ/Erth      Unusable   N/A       N/A         4
 Animate Dead             Necr           Unusable   N/A       N/A         4
 Death Channel            Necr           Unusable   N/A       N/A         6
 Haunt                    Necr/Summ      Unusable   N/A       N/A         7

Dungeon Overview and Level Annotations

Branches:
Dungeon (11/15)            Temple (1/1) D:5            Lair (0/5) D:8
    Orc (2/2) D:10            Elf (0/3) Orc:2       Ossuary (visited)

Altars:
Ashenzari
Cheibriados
Dithmenos
Elyvilon
Fedhas
Gozag
Hepliaklqana
Kikubaaqudgha
Makhleb
Nemelex Xobeh
Okawaru
Qazlal
Ru
Sif Muna
Trog
Uskayaw
Vehumet
Wu Jian
Xom
Yredelemnul
Zin
The Shining One

Shops:
D:5 *   Orc:2 (?(

Annotations:
D:3 1 runed translucent door, Curundu's ghost, amateur DrBe
Orc:2 3 runed translucent doors, MrSquiggles's ghost, journeyman MiFi


Innate Abilities, Weirdness & Mutations

You are too large for most types of armour.
You have claws for hands.
Your natural rate of healing is unusually fast.
You are covered in fur. (AC +1)
You have tough skin. (AC +1)
You are partially covered in iridescent scales. (AC +2)
You are dopey. (Int -2)
You are strong-willed. (Will+)
You are robust. (+10% HP)


Message History

The orc knight roars a battlecry!
The orcs go into a battle-frenzy!
You closely miss the orc knight.
The orc knight is severely wounded.
The orc knight barely misses you.
You claw the orc knight!
The orc knight is almost dead.
The orc knight closely misses you.
You barely miss the orc knight.
The orc knight is almost dead.
You block the orc knight's attack.
You scratch the orc knight but do no damage.
The orc knight is almost dead.
You mangle the orc knight!!
You kill the orc knight!
Okawaru accepts your kill.
Your Air Magic skill increases to level 5!
You claw the ettin!
The ettin is lightly wounded.
The ettin hits you with a +0 dire flail!! x2
The orc sorcerer shouts, "You can't withstand my power!"
You scratch the ettin but do no damage.
The ettin is lightly wounded.
You block the ettin's attack. x2
You mangle the ettin!!
The ettin is moderately wounded.
The ettin closely misses you. x2
You mangle the ettin!!
The ettin is almost dead.
You scratch the ettin but do no damage.
The ettin is almost dead.
The ettin hits you with a +0 dire flail!!
* * * LOW HITPOINT WARNING * * *
You block the ettin's attack.
You claw the ettin!
You kill the ettin!
Okawaru accepts your kill.
The orc sorcerer gestures at you while chanting.
The bolt of negative energy hits you!!!
You feel drained.
You die...

###...[....####...........#
##.##................####
#..##.............##.#
#..###.....÷.....##..# #.##
##...###...##*#+# ## #))#
#############..#
.###.)######...## *.....#
.'.÷..#...#.....###.....#****
.'....'...'.....@)oo.#***,∩,*
.######...#.....###{....#,,,*
## ######...## *.....#,,,*
##...## *###..#*,,* #.....#
*,,,,...,,* #.....#
*,,,,,#.,** #∩...∩#
********** ##._.## #####


You could see an orc sorcerer (strong) and an orc priest (strong).

Vanquished Creatures
  2 orc warlords (Orc:1)
  An ettin (Orc:2)
  Snorg (D:10)
  Harold (D:10)
  5 two-headed ogres
  A tengu warrior (D:7)
  A boulder beetle (D:8)
  2 orc high priests
  Sonja (D:10)
  Pikel (D:8)
  4 orc knights
  Maurice (D:10)
  4 orc sorcerers
  4 cyclopes
  2 kobold blastminers (Orc:2)
  A gargoyle (D:8)
  Jeremiah (D:8)
  2 trolls
  4 saltlings (Orc:2)
  A shadow (D:10)
  A wraith (D:10)
  21 yaks
  Eustachio (D:5)
  Menkaure (D:4)
  2 steam dragons
  4 wargs
  6 vampire mosquitoes
  A water moccasin (D:6)
  18 orc warriors
  2 sky beasts
  A black bear (D:6)
  3 ogres
  3 centaurs
  2 wolves (D:8)
  3 lemures (D:8)
  5 phantoms
  3 kobold brigands (D:8)
  Blork the orc (D:5)
  4 bullfrogs
  3 gnoll sergeants
  4 scorpions
  8 wights
  2 troll zombies (D:10)
  6 killer bees
  A howler monkey (D:7)
  5 centaur zombies (Ossuary)
  4 jellies
  12 orc priests
  2 hounds (D:6)
  3 gnoll boudas
  A sleepcap (D:5)
  3 iguanas
  21 orc wizards
  Ijyb (D:5)
  4 ogre zombies (D:10)
  7 mummies (Ossuary)
  12 adders
  7 gnolls
  A shadow imp (D:8)
  2 white imps
  2 ufetubi (D:6)
  6 adder zombies (Ossuary)
  2 worms
  7 dart slugs
  85 orcs
  6 bats
  7 endoplasms
  3 giant cockroaches
  12 hobgoblins
  4 jackals
  13 kobolds
  2 quokkas
  8 ball pythons
  3 frilled lizards
  2 gnoll skeletons (D:10)
  3 gnoll zombies (D:10)
  6 goblins
  5 goblin zombies (Ossuary)
  2 hobgoblin zombies (Ossuary)
  4 kobold zombies (Ossuary)
  2 orc skeletons (D:10)
  13 orc zombies
  5 quokka zombies (Ossuary)
  8 rats
  2 rat zombies (Ossuary)
443 creatures vanquished.

Vanquished Creatures (others)
  An orc wizard (D:8)
1 creature vanquished.

Grand Total: 444 creatures vanquished

Notes
Turn   | Place    | Note
-------+----------+-------------------------------------------
     0 | D:1      | Destinykillz the Troll Fighter began the quest for the Orb.
     0 | D:1      | Reached XP level 1. HP: 22/22 MP: 0/0
   225 | D:1      | Reached XP level 2. HP: 29/29 MP: 1/1
   367 | D:1      | Reached XP level 3. HP: 36/36 MP: 2/2
   861 | D:2      | Reached XP level 4. HP: 43/44 MP: 3/3
  1615 | D:3      | Reached XP level 5. HP: 52/52 MP: 4/4
  1810 | D:3      | Reached skill level 3 in Unarmed Combat
  1998 | D:3      | Reached XP level 6. HP: 61/61 MP: 5/5
  2089 | D:3      | Found a runed translucent door.
  2090 | D:3      | Noticed Curundu's ghost (amateur DrBe)
  2308 | D:4      | Noticed Menkaure
  2330 | D:4      | Killed Menkaure
  2547 | D:3      | Reached XP level 7. HP: 67/67 MP: 6/6
  2759 | D:4      | Noticed a yak
  2772 | D:4      | Killed a yak
  2773 | D:4      | Reached skill level 5 in Shields
  2779 | D:4      | Noticed a yak
  2779 | D:4      | Noticed a yak
  2779 | D:4      | Noticed a yak
  2797 | D:4      | Noticed a yak
  2798 | D:4      | Killed a yak
  2805 | D:4      | Killed a yak
  2806 | D:4      | Reached skill level 5 in Dodging
  2806 | D:4      | Reached skill level 4 in Unarmed Combat
  2806 | D:4      | Reached XP level 8. HP: 62/78 MP: 7/7
  3003 | D:4      | Found a snail-covered altar of Cheibriados.
  3153 | D:5      | Entered Level 5 of the Dungeon
  3230 | D:5      | Noticed Eustachio
  3231 | D:5      | Noticed Blork the orc
  3449 | D:5      | Noticed Ijyb
  3455 | D:5      | Killed Ijyb
  3803 | D:5      | Killed Eustachio
  3804 | D:5      | Reached skill level 5 in Unarmed Combat
  3836 | D:5      | Found Voesobbo's General Store.
  3918 | D:5      | Found a staircase to the Ecumenical Temple.
  3946 | Temple   | Entered the Ecumenical Temple
  4176 | Temple   | Became a worshipper of Warmaster Okawaru
  4560 | D:5      | Found a staircase to the Ecumenical Temple.
  4647 | D:5      | Found Voesobbo's General Store.
  4791 | D:5      | Killed Blork the orc
  4792 | D:5      | Reached XP level 9. HP: 85/85 MP: 8/8
  5394 | D:6      | Found a glowing silver altar of Zin.
  5399 | D:6      | Found an ancient bone altar of Kikubaaqudgha.
  5399 | D:6      | Found a glowing golden altar of the Shining One.
  5418 | D:6      | Found a hazy altar of Hepliaklqana.
  5422 | D:6      | Found a radiant altar of Vehumet.
  5616 | D:6      | Reached skill level 5 in Fighting
  6120 | D:6      | Reached * piety under Okawaru
  6351 | D:7      | Reached skill level 6 in Unarmed Combat
  6570 | D:7      | Noticed a tengu warrior
  6644 | D:7      | Killed a tengu warrior
  6699 | D:7      | Reached ** piety under Okawaru
  6711 | D:7      | Reached XP level 10. HP: 96/98 MP: 9/9
  6770 | D:7      | Gained mutation: You passively map a small area around you.
                  | [potion of mutation]
  6770 | D:7      | Gained mutation: You are weak. (Str -2) [potion of
                  | mutation]
  6771 | D:7      | Lost mutation: You passively map a small area around you.
                  | [potion of mutation]
  6771 | D:7      | Lost mutation: You are weak. (Str -2) [potion of mutation]
  6771 | D:7      | Gained mutation: You are robust. (+10% HP) [potion of
                  | mutation]
  6771 | D:7      | Gained mutation: You occasionally shout uncontrollably at
                  | your foes. [potion of mutation]
  6771 | D:7      | Gained mutation: You are agile. (Dex +4, Str/Int -1)
                  | [potion of mutation]
  6772 | D:7      | Lost mutation: You occasionally shout uncontrollably at
                  | your foes. [potion of mutation]
  6772 | D:7      | Lost mutation: You are agile. (Dex +4, Str/Int -1) [potion
                  | of mutation]
  6772 | D:7      | Gained mutation: You have hidden genetic defects. [potion
                  | of mutation]
  6772 | D:7      | Gained mutation: Your flesh is cold resistant. (rC+)
                  | [potion of mutation]
  6772 | D:7      | Gained mutation: Your magical capacity is low. (-10% MP)
                  | [potion of mutation]
  6773 | D:7      | Lost mutation: Your flesh is cold resistant. (rC+) [potion
                  | of mutation]
  6773 | D:7      | Lost mutation: Your magical capacity is low. (-10% MP)
                  | [potion of mutation]
  6773 | D:7      | Lost mutation: You have hidden genetic defects. [potion of
                  | mutation]
  6773 | D:7      | Gained mutation: You are partially covered in iridescent
                  | scales. (AC +2) [potion of mutation]
  6773 | D:7      | Gained mutation: Your body sometimes deteriorates upon
                  | taking damage. [potion of mutation]
  6773 | D:7      | Gained mutation: You are weak. (Str -2) [potion of
                  | mutation]
  6774 | D:7      | Lost mutation: Your body sometimes deteriorates upon taking
                  | damage. [potion of mutation]
  6774 | D:7      | Lost mutation: You are weak. (Str -2) [potion of mutation]
  6774 | D:7      | Gained mutation: You are dopey. (Int -2) [potion of
                  | mutation]
  6774 | D:7      | Gained mutation: You are strong-willed. (Will+) [potion of
                  | mutation]
  6830 | D:8      | Found a staircase to the Lair.
  6922 | D:8      | Found a sand-covered staircase.
  6928 | Ossuary  | Entered an ossuary
  7536 | D:8      | Reached skill level 7 in Unarmed Combat
  7546 | D:8      | Noticed Pikel
  7555 | D:8      | Killed Pikel
  7555 | D:8      | Reached *** piety under Okawaru
  7707 | D:8      | Noticed Jeremiah
  7717 | D:8      | Killed Jeremiah
  7717 | D:8      | Noticed a boulder beetle
  7731 | D:8      | Reached skill level 10 in Shields
  7991 | D:8      | Noticed a gargoyle
  8002 | D:8      | Killed a gargoyle
  8002 | D:8      | Reached **** piety under Okawaru
  8003 | D:8      | Reached skill level 8 in Unarmed Combat
  8064 | D:5      | Bought a scroll of identify for 28 gold pieces
  8064 | D:5      | Bought a potion of haste for 140 gold pieces
  8064 | D:5      | Bought a scroll of identify for 28 gold pieces
  8064 | D:5      | Bought a potion of curing for 42 gold pieces
  8495 | D:8      | Killed a boulder beetle
  8666 | D:8      | Noticed a cyclops
  8676 | D:8      | Killed a cyclops
  8677 | D:8      | Reached XP level 11. HP: 92/119 MP: 10/10
  8765 | D:9      | Noticed a two-headed ogre
  8940 | D:9      | Reached ***** piety under Okawaru
  8980 | D:9      | Reached skill level 9 in Unarmed Combat
  8993 | D:9      | Killed a two-headed ogre
  9421 | D:9      | Found a white marble altar of Elyvilon.
  9430 | D:9      | Found a shadowy altar of Dithmenos.
  9475 | D:10     | Entered Level 10 of the Dungeon
  9544 | D:10     | Reached skill level 10 in Unarmed Combat
  9594 | D:10     | Noticed Sonja
  9594 | D:10     | Noticed Maurice
  9611 | D:10     | Killed Sonja
  9611 | D:10     | Received a gift from Okawaru
  9661 | D:10     | Killed Maurice
  9662 | D:10     | Reached skill level 1 in Spellcasting
  9662 | D:10     | Reached skill level 1 in Air Magic
  9712 | D:10     | Found a staircase to the Orcish Mines.
  9749 | D:10     | Noticed Snorg
  9767 | D:10     | Killed Snorg
  9967 | D:10     | Noticed a two-headed ogre
  9990 | D:10     | Killed a two-headed ogre
 10492 | D:10     | Noticed Harold
 10516 | D:10     | Killed Harold
 10516 | D:10     | Received a gift from Okawaru
 10517 | D:10     | Reached XP level 12. HP: 81/135 MP: 12/14
 10679 | Orc:1    | Entered Level 1 of the Orcish Mines
 11184 | Orc:2    | Entered Level 2 of the Orcish Mines
 11184 | Orc:2    | Noticed an orc warlord
 11222 | Orc:1    | Killed an orc warlord
 11433 | Orc:2    | Reached skill level 1 in Invocations
 11570 | Orc:2    | Found a runed translucent gate.
 11570 | Orc:2    | Found a runed translucent gate.
 11570 | Orc:2    | Found a runed translucent gate.
 11570 | Orc:2    | Noticed a merfolk javelineer
 11570 | Orc:2    | Noticed a merfolk impaler
 11571 | Orc:2    | Noticed an orc warlord
 11571 | Orc:2    | Noticed MrSquiggles's ghost (journeyman MiFi)
 11578 | Orc:2    | Found an iron altar of Okawaru.
 11581 | Orc:2    | Noticed an orc high priest
 11626 | Orc:1    | Killed an orc high priest
 11626 | Orc:1    | Received a gift from Okawaru
 11768 | Orc:2    | Noticed a two-headed ogre
 11786 | Orc:2    | Killed a two-headed ogre
 11804 | Orc:2    | Found a staircase to the Elven Halls.
 12118 | Orc:2    | Learned a level 4 spell: Airstrike
 12122 | Orc:2    | Learned a level 3 spell: Swiftness
 12299 | Orc:2    | Noticed a two-headed ogre
 12305 | Orc:2    | Killed a two-headed ogre
 12373 | Orc:2    | Received a gift from Okawaru
 12374 | Orc:2    | Reached skill level 11 in Unarmed Combat
 12380 | Orc:2    | Found Ithumots's Weapon Shop.
 12380 | Orc:2    | Noticed an orc warlord
 12518 | Orc:1    | HP: 6/136 [orc warlord/+2 broad axe of freezing (31)]
 12519 | Orc:1    | Killed an orc warlord
 12697 | Orc:2    | Noticed a two-headed ogre
 12710 | Orc:2    | Noticed an orc high priest
 12712 | Orc:2    | Killed a two-headed ogre
 12720 | Orc:2    | Killed an orc high priest
 12721 | Orc:2    | Reached XP level 13. HP: 76/145 MP: 18/18
 12774 | Orc:2    | Reached ****** piety under Okawaru
 12776 | Orc:2    | Acquired a scarf of invisibility
 12776 | Orc:2    | Received a gift from Okawaru
 12777 | Orc:2    | Acquired the +8 mithril axe "Arga" {speed, Will+}
 12777 | Orc:2    | Received a gift from Okawaru
 12777 | Orc:2    | Found the +8 mithril axe "Arga" {speed, Will+}
 12809 | Orc:2    | Found Qacki's Antique Weapon Boutique.
 12811 | Orc:2    | Found Fewunt's Magic Scroll Boutique.
 12818 | Orc:2    | Bought a scroll of identify for 26 gold pieces
 12818 | Orc:2    | Bought 2 scrolls of identify for 52 gold pieces
 12840 | Orc:2    | Noticed an ettin
 12862 | Orc:2    | Reached skill level 5 in Air Magic
 12867 | Orc:2    | Killed an ettin
 12867 | Orc:2    | Killed from afar by an orc sorcerer

Illustrated notes

Levels and vault maps discovered:
D:1:      shiori_arrival_elements, layout_loops_ring, minmay_hedge_maze
D:2:      minmay_razor_zed, layout_basic, corner_web_ring
D:3:      layout_basic, ebering_ghost_reflecting_pool
D:4:      layout_basic, kennysheep_slug_shrine, minmay_checkerbox, uniq_menkaure
D:5:      layout_basic, minmay_temple_entry_mist, serial_shops,
          nicolae_take_the_stairs, uniq_ijyb, uniq_eustachio, uniq_blork_the_orc
D:6:      layout_rooms, minmay_overflow_temple_star_hex
D:7:      layout_cave_pools, minmay_three_doors
D:8:      minmay_bloctagon, layout_basic, erik_lair_orcish_takeover,
          nicolae_ossuary_entry_plus, minivault_22, uniq_pikel, uniq_jeremiah
D:9:      layout_big_octagon, mainiacjoe_overflow_swirl
D:10:     layout_roguey, zombieorc1_lemuel, uniq_maurice, uniq_harold,
          uniq_snorg, uniq_sonja
D:11:     cheibrodos_orc_bank, layout_gridville
Temple:   minmay_temple_curvy_branch
Orc:1:    layout_diamond_mine
Orc:2:    hellmonk_orc_salted, layout_diamond_mine,
          gammafunk_ghost_fury_of_okawaru, bh_open_orc_temple

Skill      XL: |  1  2  3  4  5  6  7  8  9 10 11 12 13 |
---------------+----------------------------------------+-----
Shields        | 3 4 5 7 8 10 | 10.0
Dodging        | 3 4 5 6 |  6.0
Fighting       | 3 4 5 7 9 |  9.7
Unarmed Combat | 3 4 5 6 8 10 11 | 11.2
Spellcasting   | 2 4 |  4.5
Air Magic      | 2 4 5 |  5.0
Invocations    | 3 |  3.2

Action                     |  1- 3 |  4- 6 |  7- 9 | 10-12 | 13-15 || total
---------------------------+-------+-------+-------+-------+-------++-------
  Melee: Unarmed           |    83 |   187 |   310 |   827 |    34 ||  1441
  Throw: Large rock        |       |       |       |     5 |       ||     5
 Invoke: Heroism           |       |       |       |     2 |       ||     2
         Receive Weapon    |       |       |       |       |     1 ||     1
         Receive Armour    |       |       |       |       |     1 ||     1
  Evoke: Wand              |       |       |       |    10 |       ||    10
    Use: Scroll            |       |       |    16 |    17 |       ||    33
         Potion            |       |       |     3 |    12 |       ||    15
   Stab: Sleeping          |       |     2 |       |       |       ||     2
 Armour: Robe              |    34 |    73 |   152 |   342 |    11 ||   612
  Dodge: Dodged            |    20 |    57 |   125 |   248 |     7 ||   457
  Block: Kite shield       |    21 |    69 |   193 |   589 |    13 ||   885

Table legend: (Time is in decaauts)
 A = Elapsed time spent in this place.
 B = Non-inter-level travel time spent in this place.
 C = Inter-level travel time spent in this place.
 D = Time resting spent in this place.
 E = Time spent auto-exploring this place.
 F = Levels seen in this place.
 G = Mean time per level.
                   A        B        C        D        E       F      G
               +--------+--------+--------+--------+--------+-----+--------+
         Total |  12823 |  12197 |    626 |    867 |   5970 |  15 |  854.9 |
       Dungeon |   9918 |   9349 |    569 |    590 |   5431 |  11 |  901.6 |
        Temple |    238 |    214 |     24 |      0 |      0 |   1 |  238.0 |
  Orcish Mines |   2146 |   2114 |     32 |    277 |    306 |   2 | 1073.0 |
       Ossuary |    519 |    519 |      0 |      0 |    233 |   1 |  519.0 |
               +--------+--------+--------+--------+--------+-----+--------+

Top non-repeatable levels by time:
     D:5: 1815 daAuts
     D:8: 1410 daAuts
    D:10: 1167 daAuts
   Orc:2: 1146 daAuts
     D:7: 1074 daAuts
   Orc:1: 999 daAuts
     D:4: 930 daAuts
     D:2: 798 daAuts
     D:1: 778 daAuts
     D:3: 717 daAuts
     D:6: 612 daAuts
     D:9: 607 daAuts
 Ossuary: 519 daAuts
  Temple: 238 daAuts
    D:11: 5 daAuts
